 Dungeon Crawl Stone Soup version 0.27-a0-1586-gd5c625afe7 (webtiles) character file.

Game seed: 8712925122466205455

692 Neb the Chopper (level 7, -7/60 HPs)
             Began as a Minotaur Fighter on July 18, 2021.
             Mangled by an iguana (9 damage)
             ... on level 5 of the Dungeon.
             The game lasted 00:10:38 (2155 turns).

Neb the Chopper (Minotaur Fighter)                  Turns: 2155, Time: 00:10:39

Health: -7/60      AC: 14    Str: 23    XL:     7   Next: 36%
Magic:  6/6        EV:  3    Int:  5    God:
Gold:   159        SH: 15    Dex:  9    Spells: 6/6 levels left

rFire    + . .     SeeInvis .   a - +0 war axe
rCold    . . .     Faith    .   n - +0 tower shield
rNeg     . . .     Spirit   .   r - +2 plate armour {rF+}
rPois    .         Reflect  .   (helmet restricted)
rElec    .         Harm     .   (no cloak)
rCorr    .         Rampage  .   (no gloves)
Will     .....                  (no boots)
Stlth    ..........             (no amulet)
HPRegen  0.20/turn              (no ring)
MPRegen  0.10/turn              (no ring)

@: no status effects
A: horns 2, retaliatory headbutt
a: no special abilities


You were on level 5 of the Dungeon.
You visited 1 branch of the dungeon, and saw 6 of its levels.

You collected 159 gold pieces.

Inventory:

Hand Weapons
 a - a +0 war axe (weapon)
Missiles
 g - a throwing net
 i - 6 javelins (quivered)
Armour
 b - a +0 scale mail
 c - a +0 kite shield
 k - a +0 scale mail of fire resistance
 n - a +0 tower shield (worn)
 r - a +2 plate armour of fire resistance (worn)
Jewellery
 p - an amulet of magic regeneration
Wands
 u - a wand of polymorph (10)
 v - a wand of digging (5)
Scrolls
 e - 2 scrolls of identify
 h - 2 scrolls of amnesia
 j - a scroll of holy word
 s - a scroll of magic mapping {unknown}
Potions
 d - 2 potions of might
 f - 2 potions of mutation {unknown}
 l - 2 potions of heal wounds {unknown}
 m - a potion of flight {unknown}
 o - a potion of degeneration {unknown}
 q - 2 potions of lignification {unknown}
 t - a potion of curing {unknown}


   Skills:
 + Level 4.9 Fighting
 + Level 6.7 Axes
 + Level 5.6 Armour
 + Level 1.0 Dodging
 + Level 0.2 Stealth
 + Level 5.9 Shields


You had 6 spell levels left.
You didn't know any spells.
Your spell library contained the following spells:

 Spells                   Type           Power      Damage    Failure   Level
 Gell's Gravitas          Tloc           0%         N/A       100%        3
 Lesser Beckoning         Tloc           0%         N/A       100%        3
 Teleport Other           Tloc           0%         N/A       100%        3


Dungeon Overview and Level Annotations

Branches:
Dungeon (6/15)
 Temple: D:4-7

Altars:

Shops:
D:2 *   D:4 :


Innate Abilities, Weirdness & Mutations

You have a pair of horns on your head.
You reflexively headbutt those who attack you in melee.


Message History

Unknown command.
You are too injured to fight recklessly!
Unknown command.
You are too injured to fight recklessly!
You are too injured to fight recklessly!
You hit the gnoll sergeant but do no damage.
Your headbutt misses the gnoll sergeant.
The gnoll sergeant is heavily wounded.
You block the gnoll's attack.
The gnoll sergeant hits you with a +0 trident.
The gnoll hits you from afar with a +0 spear.
You hit the gnoll sergeant but do no damage.
Your headbutt misses the gnoll sergeant.
The gnoll sergeant is heavily wounded.
The gnoll sergeant hits you with a +0 trident.
You block the gnoll's attack.
The gnoll sergeant hits you with a +0 trident.
* * * LOW HITPOINT WARNING * * *
You hit the gnoll sergeant.
The gnoll sergeant is severely wounded.
The gnoll hits you but does no damage. You block the gnoll sergeant's attack.
The gnoll hits you from afar with a +0 spear.
* * * LOW HITPOINT WARNING * * *
The gnoll sergeant hits you with a +0 trident.
* * * LOW HITPOINT WARNING * * *
You block the gnoll sergeant's attack.
Items here: ))) [[ รทรทรท.
Things that are here:
an iguana skeleton; a hound skeleton
There is a stone staircase leading up here.
You climb upwards.
The iguana barely misses you. The iguana bites you!
* * * LOW HITPOINT WARNING * * *
There is a stone staircase leading down, spattered with blood here.
You slash the iguana!
The iguana is severely wounded.
You block the iguana's attack.
You hit the iguana but do no damage.
The iguana is severely wounded.
You block the iguana's attack. The iguana bites you!
You die...

...## ....# .. ...
...# #.#... ...
..#.# #.# #.#.#
#####.## ...#
.......# #..#
.......########..#
...........##..l@#
...........##.##.#
...........##..#.#
...............###
#+###.....###..# #
#####.#(#..# #
#.###..# #.....##
#######


You could see an iguana.

Vanquished Creatures
  An ogre (D:4)
  A phantom (D:5)
  2 scorpions
  A water moccasin skeleton (D:6)
  A howler monkey (D:3)
  2 hounds (D:6)
  An orc priest (D:6)
  An iguana (D:6)
  3 orc wizards (D:6)
  2 gnolls (D:6)
  4 adders (D:4)
  A shadow imp (D:5)
  An ufetubus (D:4)
  A dart slug (D:1)
  9 orcs
  6 ball pythons
  3 bats (D:1)
  4 endoplasms
  A giant cockroach (D:4)
  8 hobgoblins
  5 jackals
  A quokka (D:2)
  2 frilled lizards
  4 goblins
  A jackal skeleton (D:4)
  4 kobolds
  A quokka skeleton (D:4)
  3 rats (D:1)
74 creatures vanquished.

Notes
Turn   | Place    | Note
-------+----------+-------------------------------------------
     0 | D:1      | Neb the Minotaur Fighter began the quest for the Orb.
     0 | D:1      | Reached XP level 1. HP: 19/19 MP: 0/0
   173 | D:1      | Reached XP level 2. HP: 26/27 MP: 1/1
   772 | D:2      | Reached XP level 3. HP: 32/33 MP: 2/2
   772 | D:2      | Found Ciusiaz's Assorted Antiques.
   825 | D:2      | Found a faded altar of an unknown god.
   863 | D:2      | You fall into a shaft and drop 1 floor!
   936 | D:3      | Reached skill level 3 in Axes
   941 | D:3      | Reached XP level 4. HP: 33/40 MP: 3/3
   993 | D:4      | Noticed an ogre
   997 | D:4      | Killed an ogre
   998 | D:4      | Reached skill level 4 in Axes
   998 | D:4      | Reached XP level 5. HP: 45/47 MP: 4/4
  1325 | D:4      | You fall into a shaft and drop 1 floor!
  1325 | D:5      | Entered Level 5 of the Dungeon
  1325 | D:5      | Noticed a phantom
  1338 | D:5      | Killed a phantom
  1339 | D:5      | Reached skill level 5 in Axes
  1339 | D:5      | Reached skill level 5 in Shields
  1339 | D:5      | Reached XP level 6. HP: 42/53 MP: 5/5
  1702 | D:4      | Reached skill level 5 in Armour
  1702 | D:4      | Reached skill level 1 in Dodging
  1746 | D:4      | Found Mosu Roa's Book Shoppe.
  1966 | D:6      | Reached XP level 7. HP: 50/60 MP: 6/6
  1977 | D:6      | Reached skill level 6 in Axes
  2153 | D:5      | HP: 2/60 [iguana (9)]
  2155 | D:5      | Mangled by an iguana

Illustrated notes

Levels and vault maps discovered:
D:1:      minmay_arrival_jagged, layout_basic
D:2:      layout_rooms, serial_shops, shop, ebering_ecumenical_altar_abandoned,
          minmay_goblin_kobold_house
D:3:      layout_rooms, minmay_goblin_outpost
D:4:      layout_gridville, nicolae_ossuary_entry_monument, serial_shops, shop
D:5:      layout_basic, item_on_display_a
D:6:      layout_basic, vehumet_statue, minmay_temple_entry_antechambers

Skill      XL: |  1  2  3  4  5  6  7 |
---------------+----------------------+-----
Armour         | 4 5 |  5.6
Fighting       | 4 |  4.9
Shields        | 4 5 |  5.9
Axes           | 3 4 5 6 |  6.7
Dodging        | 1 |  1.0
Stealth        | |  0.2

Action                   |  1- 3 |  4- 6 |  7- 9 || total
-------------------------+-------+-------+-------++-------
Melee: War axe           |    63 |   101 |    37 ||   201
       Headbutt          |    15 |    14 |     4 ||    33
Evoke: Wand              |       |       |     1 ||     1
  Use: Scroll            |       |     5 |       ||     5
Armor: Scale mail        |    49 |    19 |       ||    68
       Plate armour      |       |    50 |    28 ||    78
Dodge: Dodged            |    29 |    34 |     5 ||    68
Block: Kite shield       |    26 |    28 |       ||    54
       Tower shield      |       |    71 |    40 ||   111

Table legend: (Time is in decaauts)
 A = Elapsed time spent in this place.
 B = Non-inter-level travel time spent in this place.
 C = Inter-level travel time spent in this place.
 D = Time resting spent in this place.
 E = Time spent auto-exploring this place.
 F = Levels seen in this place.
 G = Mean time per level.
                   A        B        C        D        E       F      G
               +--------+--------+--------+--------+--------+-----+--------+
         Total |   2271 |   2211 |     60 |      0 |   1473 |   6 |  378.5 |
       Dungeon |   2271 |   2211 |     60 |      0 |   1473 |   6 |  378.5 |
               +--------+--------+--------+--------+--------+-----+--------+

Top non-repeatable levels by time:
     D:4: 973 daAuts
     D:1: 755 daAuts
     D:6: 240 daAuts
     D:2: 139 daAuts
     D:3: 108 daAuts
     D:5: 53 daAuts
